 Dungeon Crawl Stone Soup version 0.28-b1-25-g9875b3fc8c (webtiles) character file.

Game seed: 6215013114204716426

93 JJisdabomb the Skirmisher (level 4, 0/35 HPs)
             Began as a Demonspawn Fighter on Feb 1, 2022.
             Slain by a wyvern skeleton (12 damage)
             ... on level 3 of the Dungeon.
             The game lasted 00:06:05 (2933 turns).

JJisdabomb the Skirmisher (Demonspawn Fighter)      Turns: 2933, Time: 00:06:06

Health: 0/35       AC:  8    Str: 19    XL:     4   Next: 37%
Magic:  5/5        EV:  9    Int:  9    God:
Gold:   115        SH:  4    Dex: 12    Spells: 3/3 levels left

rFire   . . .      SeeInvis .   a - +0 long sword
rCold   . . .      Faith    .   d - +0 buckler
rNeg    + . .      Spirit   .   c - +0 scale mail
rPois   .          Reflect  .   (helmet restricted)
rElec   .          Harm     .   (no cloak)
rCorr   .          Rampage  .   (no gloves)
Will    .....                   (no boots)
Stlth   ..........              (no amulet)
HPRegen 0.11/turn               g - ring of positive energy
MPRegen 0.09/turn               (no ring)

@: no status effects
A: horns 1, molten scales 1, demonic guardian 1
a: no special abilities


You were on level 3 of the Dungeon.
You visited 1 branch of the dungeon, and saw 3 of its levels.

You collected 115 gold pieces.

Inventory:

Hand Weapons
 a - a +0 long sword (weapon)
Missiles
 o - 6 poisoned darts (quivered)
Armour
 c - a +0 scale mail (worn)
 d - a +0 buckler (worn)
Jewellery
 g - a ring of positive energy (left hand)
 k - a +4 ring of evasion
Scrolls
 b - a scroll of silence {unknown}
 i - a scroll of identify {unknown}
 l - 2 scrolls of teleportation {unknown}
 m - a scroll of fear {unknown}
 n - a scroll of holy word {unknown}
Potions
 e - a potion of might
 f - 2 potions of curing {unknown}
 h - 2 potions of heal wounds {unknown}
 j - 2 potions of berserk rage {unknown}


   Skills:
 + Level 3.4 Fighting
 * Level 2.7 Long Blades
 + Level 3.1 Armour
 + Level 3.1 Shields
 + Level 2.0 Invocations


You had 3 spell levels left.
You didn't know any spells.
Your spell library contained the following spells:

 Spells                   Type           Power      Damage    Failure   Level
 Sublimation of Blood     Necr           0%         N/A       94%         2
 Wereblood                Tmut           0%         N/A       94%         2
 Summon Hydra             Summ           0%         N/A       100%        7


Dungeon Overview and Level Annotations

Branches:
Dungeon (3/15)

Altars:
Nemelex Xobeh


Innate Abilities, Weirdness & Mutations

You have a pair of small horns on your head.
You are partially covered in molten scales. (AC +2)
A weak demonic guardian rushes to your aid.


Message History

No target in view!
Found 6 poisoned darts.
A wyvern skeleton comes into view.
You see here 6 poisoned darts.
You see here 6 poisoned darts.
o - 6 poisoned darts You hit the wyvern skeleton.
You headbutt the wyvern skeleton.
The wyvern skeleton is moderately damaged.
You block the wyvern skeleton's attack. x2
You hit the wyvern skeleton.
The wyvern skeleton is moderately damaged.
The wyvern skeleton bites you. The wyvern skeleton bites you!
A demonic guardian appears!
You hit the wyvern skeleton.
The wyvern skeleton is heavily damaged.
The wyvern skeleton bites you! The wyvern skeleton bites you.
You are too injured to fight recklessly!
You are too injured to fight recklessly!
You are too injured to fight recklessly!
You are too injured to fight recklessly!
You are too injured to fight recklessly!
You are too injured to fight recklessly!
You are too injured to fight recklessly!
You swap places.
Your shadow imp hits the wyvern skeleton.
The wyvern skeleton bites your shadow imp!
The wyvern skeleton closely misses your shadow imp.
Your shadow imp hits the wyvern skeleton.
The wyvern skeleton bites your shadow imp.
Your shadow imp dies!
Your shadow imp disappears in a puff of smoke!
You aren't carrying any items that you can evoke.
Unknown command.
Unknown command.
Press: ? - help, v - describe, . - travel
Here: a wyvern skeleton (severely damaged)
The floor.
Unknown command.
The wyvern skeleton bites you!
You die...

...# ...## ....#
#..$.## ######.......
#............
####.####.......
#.@Z............
#.#####.##.###.#....##
#.......##.# #.#..###
#####..###.# #.#..#
#..# #.# #.#.. ## #.
#..# #.# #......# #.
#..# #.# #..# #.# #.
#..# #.###..# #.# #.
#..# #.#....###.####.


You could see a wyvern skeleton.

Vanquished Creatures
  3 adders
  2 dart slugs (D:1)
  An orc (D:3)
  9 endoplasms
  2 giant cockroaches (D:2)
  4 goblins
  4 hobgoblins
  8 kobolds
  4 quokkas
  5 ball pythons
  6 bats
  A frilled lizard (D:1)
  7 rats
56 creatures vanquished.

Notes
Turn   | Place    | Note
-------+----------+-------------------------------------------
     0 | D:1      | JJisdabomb the Demonspawn Fighter began the quest for the
                  | Orb.
     0 | D:1      | Reached XP level 1. HP: 18/18 MP: 1/1
   427 | D:1      | Gained mutation: You have a pair of small horns on your
                  | head. [demonic ancestry]
   427 | D:1      | Reached XP level 2. HP: 1/24 MP: 2/2
   856 | D:1      | Reached skill level 1 in Invocations
  1396 | D:1      | Gained mutation: You are partially covered in molten
                  | scales. (AC +2) [demonic ancestry]
  1396 | D:1      | Reached XP level 3. HP: 29/29 MP: 3/3
  1420 | D:1      | Found a faded altar of an unknown god.
  2209 | D:2      | Gained mutation: A weak demonic guardian rushes to your
                  | aid. [demonic ancestry]
  2209 | D:2      | Reached XP level 4. HP: 28/35 MP: 5/5
  2888 | D:3      | Found a sparkling altar of Nemelex Xobeh.
  2933 | D:3      | Slain by a wyvern skeleton

Illustrated notes

Levels and vault maps discovered:
D:1:      shiori_shiawase, layout_basic, dilly_ecumenical_altar_fadedgnrine,
          minmay_pentomino_q4
D:2:      layout_loops_ring, corner_web_ring
D:3:      layout_loops_ring, mainiacjoe_overflow_brackets

Skill      XL: |  1  2  3  4 |
---------------+-------------+-----
Long Blades    | 2 |  2.7
Invocations    | 1 2 |  2.0
Shields        | 3 |  3.1
Armour         | 3 |  3.1
Fighting       | |  3.4

Action                   |  1- 3 |  4- 6 || total
-------------------------+-------+-------++-------
Melee: Long sword        |   139 |    30 ||   169
       Headbutt          |    12 |     8 ||    20
Armor: Scale mail        |    80 |    19 ||    99
Dodge: Dodged            |    74 |    26 ||   100
Block: Buckler           |    40 |    11 ||    51
